 Dungeon Crawl Stone Soup version 0.31-a0-1071-gaead2f62b1 (webtiles) character file.

Game seed: 14324699140903017445

45 sammy202020 the Covered (level 3, 0/33 HPs)
             Began as a Minotaur Fighter on Nov 25, 2023.
             Slain by an ufetubus (3 damage)
             ... on level 3 of the Dungeon.
             The game lasted 00:02:07 (1943 turns).

sammy202020 the Covered (Minotaur Fighter)          Turns: 1943, Time: 00:02:08

Health: 0/33       AC:  9    Str: 20    XL:     3   Next: 42%
Magic:  2/2        EV:  8    Int:  7    God:
Gold:   111        SH:  5    Dex:  9    Spells: 2/2 levels left

rFire   . . .        a - +1 war axe
rCold   . . .        c - +1 buckler
rNeg    . . .        i - +0 chain mail
rPois   .            (helmet restricted)
rElec   .            (no cloak)
rCorr   .            (no gloves)
SInv    .            (no boots)
Will    .....        (no amulet) Stlth
                     (no ring)
HPRegen 0.25/turn    (no ring)
MPRegen 0.08/turn

%: no passive effects
@: no status effects
A: horns 2, retaliatory headbutt
a: no special abilities


You were on level 3 of the Dungeon.
You visited 1 branch of the dungeon, and saw 3 of its levels.

You collected 111 gold pieces.

Inventory:

Hand Weapons
 a - a +1 war axe (weapon)
Armour
 c - a +1 buckler (worn)
 i - a +0 chain mail (worn)
Jewellery
 g - an amulet of reflection
Wands
 b - a wand of roots (2)
Scrolls
 h - a scroll of identify
 k - 2 scrolls of enchant weapon
 l - a scroll of immolation {unknown}
 m - a scroll of teleportation
Potions
 d - a potion of might
 e - 2 potions of brilliance
 f - a potion of mutation {unknown}
 j - a potion of resistance {unknown}
 n - 2 potions of heal wounds {unknown}


   Skills:
 * Level 4.1 Fighting
 * Level 3.1 Axes
 * Level 4.1 Armour
 + Level 0.7 Dodging
 * Level 4.1 Shields


You had 2 spell levels left.
You didn't know any spells.
Your spell library was empty.

Dungeon Overview and Level Annotations

Branches:
Dungeon (3/15)

Altars:

Portals:
Abyss: D:3

Annotations:
D:3 2 transporters, Swimmer's ghost, amateur MiFi


Innate Abilities, Weirdness & Mutations

You have a pair of horns on your head.
You reflexively headbutt those who attack you in melee.


Message History

The ufetubus shouts!
You hear a shout!
An ufetubus comes into view.
The black bear barely misses you. x2
The black bear claws you but does no damage.
You slash the black bear! You headbutt the black bear.
The black bear is severely wounded.
You closely miss the adder. The adder completely misses you.
The black bear bites you.
The black bear claws you but does no damage.
The black bear claws you.
A ball python comes into view.
You barely miss the black bear.
The black bear is severely wounded.
You closely miss the adder. The adder bites you but does no damage.
The black bear bites you but does no damage.
The black bear claws you. x2; The adder bites you but does no damage.
You hit the black bear.
The black bear is almost dead.
You barely miss the adder. You block the adder's attack.
The black bear goes berserk!
The adder barely misses you. The black bear barely misses you.
You block the black bear's attack. The black bear claws you.
You closely miss the black bear.
The black bear is almost dead.
You hit the adder. The black bear bites you!
* * * LOW HITPOINT WARNING * * *
The black bear claws you.
* * * LOW HITPOINT WARNING * * *
The black bear claws you.
* * * LOW HITPOINT WARNING * * *
The adder completely misses you. You furiously retaliate!
You headbutt the adder!
You kill the adder!
You block the black bear's attack. The black bear closely misses you.
You block the black bear's attack. The ufetubus attacks as it pursues you!
The ufetubus hits you but does no damage.
The ufetubus hits you.
You die...

. #### ### .. ..#
.... #. #.###..#
#### #. #@5.S..#
... #.###..h5.##
..## #.....#####
#..##########..###
..........# #..#
..........###..#
.##............#
####.......##.##
#..####....##.# #


You could see a black bear (berserk), 2 ufetubi and a ball python.

Vanquished Creatures
  An adder (D:3)
  3 worms
  3 dart slugs (D:2)
  2 ball pythons (D:2)
  A bat (D:1)
  A giant cockroach (D:2)
  A goblin (D:1)
  2 hobgoblins (D:1)
  A quokka (D:1)
  3 frilled lizards
  4 kobolds
  A rat (D:2)
23 creatures vanquished.

Notes
Turn   | Place    | Note
-------+----------+-------------------------------------------
     0 | D:1      | sammy202020 the Minotaur Fighter began the quest for the
                  | Orb.
     0 | D:1      | Reached XP level 1. HP: 19/19 MP: 0/0
   568 | D:1      | Reached XP level 2. HP: 23/27 MP: 1/1
   965 | D:2      | Found a faded altar of an unknown god.
  1473 | D:2      | Reached XP level 3. HP: 32/33 MP: 2/2
  1844 | D:3      | Found a one-way gate to the infinite horrors of the Abyss.
  1844 | D:3      | Noticed Swimmer's ghost (amateur MiFi)
  1863 | D:3      | Noticed a toenail golem
  1870 | D:3      | Found a transporter.
  1878 | D:3      | Found a transporter.
  1934 | D:3      | Noticed a black bear
  1943 | D:3      | Slain by an ufetubus

Illustrated notes

Levels and vault maps discovered:
D:1:      dpeg_arrival_lava_altar, layout_loops_corners
D:2:      wad_lake_hut, layout_loops_ring, shapermc_ecumenical_altar_gd
D:3:      layout_loops_ring, gammafunk_ghost_abyssal_escape,
          grunt_ministairs_11, corner_web_ring, minmay_bisected

Skill      XL: |  1  2 |
---------------+-------+-----
Armour         | 4 |  4.1
Fighting       | 4 |  4.1
Axes           | 3 |  3.1
Shields        | 4 |  4.1
Dodging        | |  0.7

Action                     || total
---------------------------++-------
  Melee: War axe           ||    49
         Headbutt          ||     9
    Use: Scroll            ||     7
 Armour: Scale mail        ||     8
         Chain mail        ||    25
  Dodge: Dodged            ||    24
  Block: Buckler           ||     9

Table legend: (Time is in decaauts)
 A = Elapsed time spent in this place.
 B = Non-inter-level travel time spent in this place.
 C = Inter-level travel time spent in this place.
 D = Time resting spent in this place.
 E = Time spent auto-exploring this place.
 F = Levels seen in this place.
 G = Mean time per level.
                   A        B        C        D        E       F      G
               +--------+--------+--------+--------+--------+-----+--------+
         Total |   2021 |   1883 |    138 |      0 |   1648 |   3 |  673.7 |
       Dungeon |   2021 |   1883 |    138 |      0 |   1648 |   3 |  673.7 |
               +--------+--------+--------+--------+--------+-----+--------+

Top non-repeatable levels by time:
     D:2: 1020 daAuts
     D:1: 789 daAuts
     D:3: 211 daAuts
